 Dungeon Crawl Stone Soup version 0.29-a0-841-g116ddc6ace (webtiles) character file.

Game seed: 7613125192780056495

3 omnomnOMINOUS the Charlatan (level 1, 0/11 HPs)
             Began as an Octopode Wanderer on July 15, 2022.
             Slain by a quokka (4 damage)
             ... on level 1 of the Dungeon.
             The game lasted 00:00:42 (109 turns).

omnomnOMINOUS the Charlatan (Octopode Wanderer)      Turns: 109, Time: 00:00:43

Health: 0/11       AC:  1    Str: 13    XL:     1   Next: 50%
Magic:  3/3        EV: 12    Int: 13    God:
Gold:   11         SH:  0    Dex: 10    Spells: 3/4 levels left

rFire   . . .      SeeInvis .   a - +2 spear
rCold   . . .      Faith    .   (no shield)
rNeg    . . .      Spirit   .   (helmet restricted)
rPois   .          Reflect  .   (no amulet)
rElec   .          Harm     .   (no ring)
rCorr   .          Rampage  .   (no ring)
Will    .....                   (no ring)
Stlth   ++........              (no ring)
HPRegen 0.03/turn               (no ring)
MPRegen 0.08/turn               (no ring)
                                (no ring)
                                (no ring)

@: no status effects
A: almost no armour, amphibious, 8 rings, camouflage 1, gelatinous body 1,
(nimble swimmer 1), tentacles
a: no special abilities


You were on level 1 of the Dungeon.
You visited 1 branch of the dungeon, and saw 1 of its levels.

You collected 11 gold pieces.

Inventory:

Hand Weapons
 a - a +2 spear (weapon)
Potions
 c - a potion of heal wounds
Miscellaneous
 b - a piece from Xom's chessboard (15/15)


   Skills:
 + Level 0.2 Fighting
 + Level 2.0 Polearms
 + Level 1.1 Dodging
 + Level 2.0 Spellcasting
 + Level 1.1 Earth Magic
 - Level 1.0 Invocations
 - Level 3.2 Evocations


You had 3 spell levels left.
You knew the following spells:

 Your Spells              Type           Power      Damage    Failure   Level
a - Sandblast             Erth           8%         2d5       16%         1

Your spell library contained the following spells:

 Spells                   Type           Power      Damage    Failure   Level
 Stone Arrow              Conj/Erth      4%         3d7       52%         3


Dungeon Overview and Level Annotations

Branches:
Dungeon (1/15)

Altars:

Shops:
D:1 [


Innate Abilities, Weirdness & Mutations

You cannot wear most types of armour.
You are amphibious.
You can wear up to eight rings at the same time.
Your skin changes colour to match your surroundings (Stealth+).
Your rubbery body absorbs attacks. (AC +1, EV +1)
((You are camouflaged when in or above water. (Stealth+)))
You have tentacles for arms and can constrict up to eight enemies at once.


Message History

No target in view!
You now have 11 gold pieces.
You open the door.
There is an open door here.
Found Usecurau's Armour Boutique.
There is an entrance to Usecurau's Armour Boutique here.
There is an entrance to Usecurau's Armour Boutique here.
A hobgoblin comes into view.
Found a fuming ruby potion.
Found a stone staircase leading down.
A rat comes into view.
A ball python and a quokka come into view.
Found 4 gold pieces.
The ball python hisses angrily.
The hobgoblin shouts!
You hear a shout!
You reach to attack!
You hit the rat.
You kill the rat!
You reach to attack!
You closely miss the hobgoblin. You hit the hobgoblin.
Your grab misses the hobgoblin. You squeeze the hobgoblin.
You kill the hobgoblin!
A goblin comes into view. It is wielding a +0 club.
You reach to attack!
You barely miss the ball python. You closely miss the quokka.
Your grab misses the quokka. The ball python closely misses you.
The ball python misses you. The quokka barely misses you.
You hit the quokka. Your grab misses the quokka.
The quokka is heavily wounded.
The ball python misses you. The ball python grabs you.
The ball python constricts you. The quokka bites you.
The ball python closely misses you. The ball python constricts you.
You barely miss the ball python. You grab the ball python.
You constrict the ball python.
The quokka bites you but does no damage.
The ball python bites you. The ball python constricts you.
You are too injured to fight recklessly!
You are too injured to fight recklessly!
Unknown command.
You barely miss the ball python. You squeeze the ball python.
You kill the ball python!
The quokka bites you.
You die...

#......# #.##
#......# #..#
#......# ##.#
#......#####∩#######
######..............
#######..######
#########..##
............#
.......@....#
.....†r†.#...#
.........#...#
....g....##..#
.........+ !>..
.........# ##.##
.........# .#
.$.......#


You could see a quokka and a goblin.

Vanquished Creatures
  A giant cockroach (D:1)
  A hobgoblin (D:1)
  A ball python (D:1)
  A rat (D:1)
4 creatures vanquished.

Notes
Turn   | Place    | Note
-------+----------+-------------------------------------------
     0 | D:1      | omnomnOMINOUS the Octopode Wanderer began the quest for the
                  | Orb.
     0 | D:1      | omnomnOMINOUS set off with the following items: a +2 spear,
                  | a piece from Xom's chessboard (15/15), a potion of heal
                  | wounds; and the following spell memorised: Sandblast; and
                  | the following spells available to memorise: Stone Arrow.
     0 | D:1      | Reached XP level 1. HP: 11/11 MP: 3/3
    84 | D:1      | Found Usecurau's Armour Boutique.
   109 | D:1      | Slain by a quokka

Illustrated notes

Levels and vault maps discovered:
D:1:      lemuel_arrival_broad_hall, layout_basic, serial_shops, shop

Action                   || total
-------------------------++-------
Melee: Spear             ||    10
       Tentacles         ||     2
       Constrict         ||     1
Armor: Skin              ||     2
Dodge: Dodged            ||     5

Table legend: (Time is in decaauts)
 A = Elapsed time spent in this place.
 B = Non-inter-level travel time spent in this place.
 C = Inter-level travel time spent in this place.
 D = Time resting spent in this place.
 E = Time spent auto-exploring this place.
 F = Levels seen in this place.
 G = Mean time per level.
                   A        B        C        D        E       F      G
               +--------+--------+--------+--------+--------+-----+--------+
         Total |    109 |    109 |      0 |      0 |     90 |   1 |  109.0 |
       Dungeon |    109 |    109 |      0 |      0 |     90 |   1 |  109.0 |
               +--------+--------+--------+--------+--------+-----+--------+

Top non-repeatable levels by time:
     D:1: 109 daAuts
